 Dungeon Crawl Stone Soup version 0.27-a0-29-g2d0a2396b0 (webtiles) character file.

Game seed: 7744043412757666179

371 hehateme the Conjurer (level 7, -3/40 HPs)
             Began as a Kobold Hedge Wizard on Jan 4, 2021.
             Splashed by a jelly's acid (10 damage)
             ... on level 5 of the Dungeon.
             The game lasted 00:13:12 (8284 turns).

hehateme the Conjurer (Kobold Hedge Wizard)         Turns: 8284, Time: 00:13:13

Health: -3/40      AC: -4    Str:  9      XL:     7   Next: 2%
Magic:  8/11       EV: 15    Int: 15      God:
Gold:   248        SH:  0    Dex: 14 (15) Spells: 9/12 levels left

rFire    . . .     SeeInvis .   p - +4 dagger
rCold    . . .     Faith    .   (shield restricted)
rNeg     . . .     Spirit   .   b - +0 robe
rPois    .         Reflect  .   c - +0 hat
rElec    .         Harm     .   h - +0 cloak
rCorr    .         Rampage  .   (no gloves)
Will     .....                  A - +0 pair of boots (curse)
Stlth    +++.......             (no amulet)
HPRegen  0.13/turn              (no ring)
MPRegen  0.12/turn              (no ring)

@: corroded
A: small, nightstalker 3
a: no special abilities


You were on level 5 of the Dungeon.
You visited 1 branch of the dungeon, and saw 5 of its levels.

You collected 248 gold pieces.

Inventory:

Hand Weapons
 a - a +0 dagger
 p - a +4 dagger (weapon)
Missiles
 d - 45 sling bullets
 g - 187 stones
 m - 18 poisoned darts
 v - 38 arrows
 w - 13 boomerangs
 Q - 17 bolts
Armour
 b - a +0 robe (worn)
 c - a +0 hat (worn)
 h - a +0 cloak (worn)
 y - a +0 kite shield
 A - a cursed +0 pair of boots (worn)
 B - a +0 leather armour
Jewellery
 o - an uncursed ring of stealth {unknown}
 C - a +6 ring of dexterity {unknown}
Scrolls
 i - 5 scrolls of identify
 j - 2 scrolls of immolation {!r}
 q - a scroll of noise {!r}
 r - 3 scrolls of remove curse
 s - 2 scrolls of amnesia
 t - 6 scrolls of teleportation
 u - a scroll of fear
 D - 2 scrolls of magic mapping {unknown}
 F - a scroll of enchant armour {unknown}
Potions
 e - 3 potions of degeneration {!q}
 f - a potion of mutation {!q}
 k - a potion of flight {unknown}
 l - 2 potions of haste
 n - 2 potions of cancellation {unknown}
 x - a potion of heal wounds {unknown}
 z - a potion of resistance {unknown}
 E - 2 potions of magic {unknown}


   Skills:
 + Level 2.8 Fighting
 + Level 3.4 Short Blades
 - Level 2.4 Dodging
 - Level 2.6 Stealth
 - Level 3.2 Spellcasting
 * Level 4.0 Conjurations
 * Level 3.3 Summonings
 - Level 1.0 Translocations


You had 9 spell levels left.
You knew the following spells:

 Your Spells              Type           Power        Failure   Level
a - Magic Dart            Conj           56%          3%          1
c - Call Imp              Summ           12%          8%          2

Your spell library contained the following spells:

 Spells                   Type           Power        Failure   Level
 Blink                    Tloc           N/A          21%         2
 Conjure Flame            Conj/Fire      8%           26%         3
 Slow                     Hex            2%           30%         2
 Mephitic Cloud           Conj/Pois/Air  6%           32%         3


Dungeon Overview and Level Annotations

Branches:
Dungeon (5/15)
 Temple: D:4-7

Altars:
Ashenzari
Qazlal

Annotations:
D:5 exclusion: ice beast


Innate Abilities, Weirdness & Mutations

You are small and have problems with some larger weapons.
You are completely attuned to the shadows.


Message History

You barely miss the jelly. The jelly hits you.
* * * LOW HITPOINT WARNING * * *
You are splashed with acid!
* * * LOW HITPOINT WARNING * * *
You take 10 damage, and have 9/40 hp.
GAME OVER YEAH!!
Your crimson imp blinks!
What are your orders? t - Shout!
Orders for allies: a - Attack new target. r - Retreat! s - Stop attacking. g - Guard the area. f - Follow me.
Anything else - Cancel.
Gang up on whom?
Aim: a jelly (almost dead) Attack!
The jelly hits you.
* * * LOW HITPOINT WARNING * * *
The acid corrodes you!
You are splashed with acid!
You die...

## ##..# #.)##### #
######...# #....... #
#........## ##...###
# ##.#####...# #..##
# ######.## ##..ยง##
##..# ......##
##.##<.# #..##
.###### ##.####5#
####..# ## ######.##
#J# #....## #
.####....)## #@#
##[..# ###
.........[#
##.#######...####..
#...#######
##........##...##...
#...##
##........####....<..
..#..## #..##...###
##...... )###..##
#..###### #......
..###..## #..#
#########......
#.####..# #..#
##.........<....
##.###..##
#..###..###..........

Skill      XL: |  1  2  3  4  5  6 |
---------------+-------------------+-----
Short Blades   | 1 2 3 |  3.4
Fighting       | 1 2 |  2.8
Conjurations   | 2 3 4 |  4.0
Summonings     | 2 3 |  3.3
Dodging        | |  2.4
Stealth        | |  2.6
Spellcasting   | |  3.2
Translocations | |  1.0

Notes
Turn   | Place    | Note
-------+----------+-------------------------------------------
     0 | D:1      | hehateme the Kobold Hedge Wizard began the quest for the
                  | Orb.
     0 | D:1      | Reached XP level 1. HP: 10/10 MP: 4/4
   257 | D:1      | Reached XP level 2. HP: 10/16 MP: 3/6
   401 | D:1      | Reached skill level 1 in Short Blades
   450 | D:1      | HP: 4/16 [hobgoblin (5)]
  1130 | D:1      | Reached skill level 1 in Fighting
  1430 | D:1      | Reached skill level 2 in Conjurations
  1498 | D:1      | Reached XP level 3. HP: 19/20 MP: 3/7
  2162 | D:2      | Learned a level 2 spell: Call Imp
  3176 | D:2      | Reached XP level 4. HP: 25/25 MP: 1/8
  3696 | D:3      | Found a broken altar of Ashenzari.
  3706 | D:3      | Reached skill level 2 in Short Blades
  3999 | D:3      | Found a stormy altar of Qazlal.
  4669 | D:3      | Reached XP level 5. HP: 30/30 MP: 6/9
  4878 | D:3      | Reached skill level 3 in Conjurations
  4887 | D:3      | Reached skill level 2 in Summonings
  5255 | D:4      | Reached skill level 2 in Fighting
  6206 | D:4      | Reached XP level 6. HP: 26/35 MP: 8/10
  6750 | D:5      | Entered Level 5 of the Dungeon
  7081 | D:5      | Noticed an ogre
  7141 | D:5      | Killed an ogre
  7142 | D:5      | Reached skill level 3 in Short Blades
  7278 | D:5      | Noticed an ice beast
  7297 | D:5      | Reached skill level 3 in Summonings
  7706 | D:4      | Reached skill level 4 in Conjurations
  8001 | D:5      | Reached XP level 7. HP: 40/40 MP: 5/11
  8280 | D:5      | HP: 9/40 [acid (9)]
  8284 | D:5      | Splashed by a jelly's acid

Table legend: (Time is in decaauts)
 A = Elapsed time spent in this place.
 B = Non-inter-level travel time spent in this place.
 C = Inter-level travel time spent in this place.
 D = Time resting spent in this place.
 E = Time spent auto-exploring this place.
 F = Levels seen in this place.
 G = Mean time per level.
                   A        B        C        D        E       F      G
               +--------+--------+--------+--------+--------+-----+--------+
         Total |   8241 |   8071 |    170 |   1276 |   5636 |   5 | 1648.2 |
       Dungeon |   8241 |   8071 |    170 |   1276 |   5636 |   5 | 1648.2 |
               +--------+--------+--------+--------+--------+-----+--------+

Top non-repeatable levels by time:
     D:1: 2050 daAuts
     D:4: 1727 daAuts
     D:2: 1602 daAuts
     D:3: 1515 daAuts
     D:5: 1344 daAuts

Table legend:
 A = Kills in this place as a percentage of kills in entire the game.
 B = Kills by you in this place as a percentage of kills by you in the entire game.
 C = Kills by friends in this place as a percentage of kills by friends in the entire game.
 D = Other kills in this place as a percentage of other kills in the entire game.
 E = Experience gained in this place as a percentage of experience gained in the entire game.
 F = Experience gained in this place divided by the number of levels of this place that you have seen.
                   A       B       C       D       E      F
               +-------+-------+-------+-------+-------+----------------------
         Total | 100.0 | 100.0 | 100.0 |   N/A | 100.0 | 106.0
       Dungeon | 100.0 | 100.0 | 100.0 |   N/A | 100.0 | 106.0
               +-------+-------+-------+-------+-------+----------------------

Action                   |  1- 3 |  4- 6 |  7- 9 || total
-------------------------+-------+-------+-------++-------
Melee: Dagger            |   105 |   145 |     4 ||   254
 Cast: Magic Dart        |    74 |    59 |       ||   133
       Call Imp          |     3 |    60 |     7 ||    70
  Use: Potion            |       |     5 |       ||     5
       Scroll            |       |     7 |       ||     7
 Stab: Sleeping          |     1 |       |       ||     1
       Distracted        |       |       |     1 ||     1
Armor: Robe              |    13 |    15 |     3 ||    31
Dodge: Dodged            |    87 |    92 |     5 ||   184

Vanquished Creatures
  An orc priest (D:4)
  A bullfrog skeleton (D:5)
  An orc wizard (D:5)
  A worker ant (D:4)
  An adder (D:3)
  2 gnolls (D:5)
  2 worms (D:3)
  A dart slug (D:1)
  2 leopard geckos
  6 orcs
  3 giant cockroaches
  9 goblins
  10 hobgoblins
  2 jackals (D:4)
  9 kobolds
  A quokka (D:2)
  10 bats
  5 frilled lizards
  A quokka skeleton (D:4)
  5 rats
73 creatures vanquished.

Vanquished Creatures (collateral kills)
  An ogre (D:5)
  A bullfrog skeleton (D:5)
  A gnoll shaman (D:4)
  A hound (D:5)
  An iguana (D:4)
  A worker ant (D:3)
  A gnoll (D:5)
  4 adders
  An ooze (D:3)
  A leopard gecko (D:4)
  2 orcs (D:5)
  3 bats
  6 jackals (D:4)
  A kobold (D:3)
  A frilled lizard (D:4)
  A goblin (D:2)
  A rat (D:3)
28 creatures vanquished.

Grand Total: 101 creatures vanquished You could see a jelly and a friendly iron imp (summoned, corroded).

Levels and vault maps discovered:
D:1:      lightli_arrival_noodles, layout_basic, nrook_mini_backslash
D:2:      layout_loops_ring, hex_tiny
D:3:      layout_rooms, grunt_temple_overflow_open, minmay_close_crescents
D:4:      layout_cave_pods, gup_sewer_entry_glass,
          nicolae_ossuary_entry_false_entrances, item_on_display_a
D:5:      layout_layer_cave
